 Dungeon Crawl Stone Soup version 0.31-a0-859-g9dce7d3444 (webtiles) character file.

Game seed: 151359483816540776

92984 ipx the Severer (level 15, 0/75 HPs)
             Began as a Vine Stalker Fighter on Oct 9, 2023.
             Was the Champion of Okawaru.
             Slain by a merfolk siren
             ... wielding a +0 spear
              (4 damage)
             ... on level 2 of the Shoals.
             The game lasted 02:50:28 (10385 turns).

ipx the Severer (Vine Stalker Fighter)             Turns: 10385, Time: 02:50:28

Health: 0/75       AC: 26    Str: 30    XL:     15   Next: 65%
Magic:  0/23       EV: 17    Int:  8    God:    Okawaru [******]
Gold:   95         SH: 12    Dex: 16    Spells: 14/14 levels left

rFire   . . .        b - +3 broad axe (vamp)
rCold   . . .        W - +2 buckler
rNeg    . . .        Z - +7 chain mail "Ahevaer" {Will+}
rPois   .            F - +2 helmet
rElec   .            c - +2 cloak
rCorr   .            A - +1 pair of gloves
SInv    .            (no boots)
Will    +++..        X - amulet of reflection Stlth
                     S - +6 ring of strength
HPRegen 1.12/turn    V - +5 ring of evasion
MPRegen 0.18/turn

%: reflection, guardian spirit
@: enlightened, flying, studying Long Blades, invisible
A: fangs 3, regeneration 1, magic shield, antimagic bite, no potion heal 2
}: 1/15 runes: barnacled
a: Renounce Religion, Heroism, Finesse, Duel


You were on level 2 of the Shoals.
You worshipped Okawaru.
Okawaru was exalted by your worship.
You visited 5 branches of the dungeon, and saw 27 of its levels.
You also visited: Sewer, Ossuary and Gauntlet.

You collected 1736 gold pieces.
You spent 1641 gold pieces at shops.

Inventory:

Hand Weapons
 a - the +11 broad axe "Epnuk" {flame, rPois rCorr Int+3}
   (You bought it in a shop on level 3 of the Shoals)

   Int+3:     It affects your intelligence (+3).
   rPois:     It protects you from poison rCorr: It protects you from acid and
   corrosion.
 b - a +3 vampiric broad axe (weapon)
 q - a +3 executioner's axe of holy wrath
Missiles
 u - 13 silver javelins
 w - 20 boomerangs
 L - 2 throwing nets
 M - 2 javelins
Armour
 c - a +2 cloak (worn)
 s - a +0 plate armour of fire resistance
 x - the +2 chain mail of Cocytus {+Inv Str+3}
   (You found it in a Gauntlet)

   Str+3:     It affects your strength (+3).
   +Inv:      It lets you turn invisible.
 A - a +1 pair of gloves (worn)
 D - the +0 pair of boots of Grottiness {rElec rCorr Str-5}
   (You found it in a Gauntlet)

   Str-5:     It affects your strength (-5).
   rElec:     It insulates you from electricity.
   rCorr:     It protects you from acid and corrosion.
 F - a +2 helmet (worn)
 Q - a +4 plate armour of willpower
 W - a +2 buckler (worn)
 Z - the +7 chain mail "Ahevaer" (worn) {Will+}
   (Okawaru gifted it to you on level 2 of the Lair of Beasts)

   Will+:     It increases your willpower.
Jewellery
 i - a ring of ice
 p - a ring of poison resistance
 v - a ring of see invisible
 G - an amulet of regeneration
 S - a +6 ring of strength (left hand)
 V - a +5 ring of evasion (right hand)
 X - an amulet of reflection (around neck)
Wands
 k - a wand of polymorph (7)
 m - a wand of flame (26)
 Y - a wand of iceblast (8)
Scrolls
 o - 2 scrolls of fog
 r - a scroll of noise
 t - 3 scrolls of revelation
 y - 2 scrolls of immolation
 C - 4 scrolls of vulnerability
 H - 7 scrolls of teleportation
 K - a scroll of brand weapon
 P - a scroll of poison
Potions
 d - 2 potions of might
 e - a potion of resistance {unknown}
 f - 3 potions of invisibility
 h - a potion of berserk rage {unknown}
 j - 6 potions of mutation
 l - 16 potions of curing
 n - a potion of cancellation {unknown}
 z - 2 potions of brilliance {unknown}
 B - 4 potions of haste
 E - 6 potions of enlightenment
 I - 4 potions of attraction {unknown}
 T - a potion of ambrosia {unknown}
 U - 2 potions of lignification
Miscellaneous
 g - a lightning rod (inert)
 O - a phial of floods (inert)
 R - a tin of tremorstones (1/2)


   Skills:
 - Level 7.0 Fighting
 - Level 18.0 Axes
 - Level 8.1 Throwing
 + Level 6.4 Armour
 + Level 5.7 Dodging
 - Level 2.6 Shields
 - Level 10.0 Invocations
 - Level 7.0 Evocations


You had 14 spell levels left.
You didn't know any spells.
Your spell library contained the following spells:

 Spells                   Type           Power      Damage    Failure   Level
 Apportation              Tloc           0%         N/A       88%         1
 Magic Dart               Conj           0%         1d3       88%         1
 Shock                    Conj/Air       0%         1d3       88%         1
 Slow                     Hex            0%         N/A       88%         1
 Jinxbite                 Hex            0%         N/A       96%         2
 Lesser Beckoning         Tloc           0%         N/A       96%         2
 Searing Ray              Conj           0%         2d4       96%         2
 Sublimation of Blood     Necr           0%         N/A       96%         2
 Wereblood                Tmut           0%         N/A       96%         2
 Confusing Touch          Hex            0%         N/A       99%         3
 Frozen Ramparts          Ice            0%         1d1       99%         3
 Gell's Gravitas          Tloc           0%         N/A       99%         3
 Sigil of Binding         Hex            0%         N/A       99%         3
 Swiftness                Air            0%         N/A       99%         3
 Teleport Other           Tloc           0%         N/A       99%         3
 Vampiric Draining        Necr           0%         2d6       99%         3
 Airstrike                Air            0%         2d(0-16)  100%        4
 Brom's Barrelling Bould  Conj/Erth      0%         2d3       100%        4
 Fulminant Prism          Conj/Hex       0%         3d5       100%        4
 Petrify                  Tmut/Erth      0%         N/A       100%        4
 Alistair's Intoxication  Tmut/Pois      0%         N/A       100%        5
 Fireball                 Conj/Fire      0%         3d3       100%        5
 Iskenderun's Battlesphe  Conj           0%         2d6       100%        5
 Metabolic Englaciation   Hex/Ice        0%         N/A       100%        5
 Conjure Ball Lightning   Conj/Air       0%         3x3d6     100%        6
 Orb of Destruction       Conj           0%         9d5       100%        7
 Summon Hydra             Summ           Unusable   N/A       N/A         7

Dungeon Overview and Level Annotations

Branches:
Dungeon (15/15)            Temple (1/1) D:4            Lair (5/5) D:8
 Shoals (4/4) Lair:2        Snake (0/4) Lair:3        Slime (0/5) Lair:4
    Orc (2/2) D:12            Elf (0/3) Orc:2         Sewer (visited)
Ossuary (visited)         Gauntlet (visited)
 Vaults: D:13-14     Depths: D:15

Altars:
Ashenzari
Cheibriados
Dithmenos
Fedhas
Gozag
Kikubaaqudgha
Makhleb
Nemelex Xobeh
Okawaru
Ru
Sif Muna
Trog
Uskayaw
Vehumet
Wu Jian
Xom
Yredelemnul
Zin
The Shining One
Jiyva

Shops:
D:8 *   D:9 [=   D:14 ::   Orc:2 !([*:   Shoals:3 *

Annotations:
D:10 exclusion: 2 ice statues
Lair:2 1 transporter, Pi314's ghost, journeyman DrSh
Lair:5 exclusion: oklob plant


Innate Abilities, Weirdness & Mutations

You have razor-sharp teeth.
Your natural rate of healing is unusually fast.
When hurt, damage is shared between your health and your magic reserves.
Your bite disrupts and absorbs the magic of your enemies.
Potions cannot restore your health.


Message History

Okay, then.
Press: ? - help, v - describe, . - travel
Here: a wind drake (repelling missiles, fleeing, catching its breath) Some shallow water.
Unknown command.
As you read the scroll of fog, it dissolves into smoke.
A nearby plant withers and dies.
A nearby plant withers and dies.
You feel very buoyant.
You fly up into the air.
You fade into invisibility!
As you read the scroll of teleportation, it crumbles to dust.
You feel strangely unstable.
A manticore comes into view.
You see here a merfolk corpse.
The merfolk hits you from afar with a +2 trident of protection!
* * * LOW HITPOINT WARNING * * *
Your surroundings suddenly seem different.
A merfolk siren, a merfolk avatar and a snapping turtle come into view.
The merfolk siren shouts!
The merfolk avatar shouts!
The snapping turtle hisses angrily.
Okay, then.
Unknown command.
Okay, then.
Unknown command.
You don't have enough magic at the moment.
Unknown command.
Unknown command.
Okay, then.
Unknown command.
The merfolk siren shouts!
The merfolk avatar shouts!
A snapping turtle comes into view.
The snapping turtle hisses angrily.
You slice the merfolk siren!!
You bite the merfolk siren, but do no damage.
The merfolk siren is heavily wounded.
The merfolk siren shouts!
The snapping turtle hisses angrily.
The merfolk avatar shouts!
The merfolk siren hits you with a +0 spear.
You die...

≈≈≈~~~~~~≈≈≈≈≈
≈≈~~~~~~≈≈≈≈≈
t~~~~~~≈≈≈≈≈
~~~~~≈≈≈≈≈≈
~~~~~~≈≈≈≈ ~
.~~m~~≈≈≈ ~~~
#..~~~~≈≈
~~~~~###...~~~≈≈
~~~~~..@.~~~~≈≈≈
~~~~~~.m~~~~~≈≈≈
~~~~~~.~~~~~~≈≈≈
~~~~...~~~~~≈≈≈≈
≈~~~~~~~~~~~≈≈≈≈
≈≈~~~~~~~~≈≈≈≈≈≈
≈≈≈~~~~~≈≈≈≈≈≈≈≈
≈≈≈≈t≈≈≈≈≈≈≈≈≈≈


You could see a merfolk avatar (wandering, unable to see you), a snapping turtle
(wandering, unable to see you) and a merfolk siren (unable to see you).

Vanquished Creatures
  Saint Roka (Orc:2)
  Rupert (Lair:4)
  A frost giant (Shoals:4)
  A minotaur (Gauntlet)
  Snorg (Orc:2)
  5 merfolk impalers
  2 merfolk javelineers
  Fannar (Lair:3)
  2 hydras
  2 centaur warriors (D:14)
  Harold (D:10)
  A merfolk avatar (Shoals:2)
  Erica (Orc:1)
  3 merfolk aquamancers (Shoals:4)
  4 two-headed ogres
  A satyr (Shoals:4)
  2 catoblepae
  3 boulder beetles
  An orc high priest (Orc:2)
  Sonja (Lair:3)
  5 sea snakes
  A skyshark (Shoals:1)
  A deep elf pyromancer (D:12)
  4 harpies (Shoals:4)
  A harpy (shapeshifter) (D:15)
  5 orc knights
  3 orc sorcerers (Orc:2)
  7 manticores
  A salamander (Lair:3)
  7 elephants
  4 cyclopes
  4 black mambas
  Maurice (Orc:2)
  2 merfolk sirens
  A water nymph (Shoals:4)
  An apocalypse crab (Gauntlet)
  4 torpor snails (Lair:3)
  2 gargoyles
  8 cane toads
  An unseen horror (D:12)
  5 komodo dragons
  3 wind drakes
  5 polar bears (Lair:5)
  6 hornets
  4 trolls
  4 snapping turtles
  10 merfolk
  12 blink frogs
  5 dream sheep
  14 spriggans (Lair:5)
  3 water elementals
  4 wyverns
  5 basilisks
  33 yaks
  3 wraiths
  A vampire mosquito (D:12)
  A steam dragon (D:9)
  5 wargs
  A naga (Lair:3)
  An acid dragon (D:8)
  10 water moccasins
  30 orc warriors
  An ice beast (D:7)
  4 black bears
  A sky beast (D:7)
  6 ogres
  4 boggarts (Lair:5)
  28 wolves
  9 centaurs
  A phantom (D:4)
  Blork the orc (Orc:2)
  2 kobold brigands
  11 bullfrogs
  4 scorpions
  3 wights (D:10)
  6 killer bees (D:9)
  4 howler monkeys
  3 electric eels (Lair:2)
  4 hounds
  3 human zombies (Ossuary)
  A centaur zombie (Ossuary)
  15 orc priests
  4 jellies
  25 orc wizards
  2 sleepcaps
  5 hell rats (Lair:4)
  2 iguanas
  3 mummies
  10 gnolls
  9 adders
  A river rat (D:4)
  A shadow imp (D:7)
  2 white imps (D:6)
  An ufetubus (D:6)
  An adder zombie (Ossuary)
  2 worms (D:4)
  A dart slug (D:3)
  64 orcs
  14 ball pythons
  5 bats
  7 endoplasms
  3 giant cockroaches
  4 hobgoblins
  5 jackals
  2 quokkas
  3 frilled lizards
  6 goblins
  A goblin zombie (Ossuary)
  9 hobgoblin zombies (Ossuary)
  2 jackal zombies (Ossuary)
  6 kobolds
  13 kobold zombies (Ossuary)
  5 orc zombies (Ossuary)
  26 rats
  2 rat zombies (Ossuary)
620 creatures vanquished.

Notes
Turn   | Place    | Note
-------+----------+-------------------------------------------
     0 | D:1      | ipx the Vine Stalker Fighter began the quest for the Orb.
     0 | D:1      | Reached XP level 1. HP: 11/11 MP: 2/2
    37 | D:1      | Reached skill level 2 in Axes
    62 | D:1      | Reached XP level 2. HP: 16/16 MP: 3/3
   265 | D:2      | Found a faded altar of an unknown god.
   309 | D:2      | Reached skill level 3 in Axes
   313 | D:2      | Reached XP level 3. HP: 19/19 MP: 2/4
   412 | D:3      | Found a burning altar of Makhleb.
   412 | D:3      | Noticed a balrug
   461 | D:3      | Reached skill level 4 in Axes
   461 | D:3      | Reached XP level 4. HP: 22/23 MP: 2/5
   565 | D:4      | Reached XP level 5. HP: 27/27 MP: 4/6
   572 | D:4      | Found a glowing drain.
   578 | Sewer    | Entered a sewer
   772 | Sewer    | Reached skill level 5 in Axes
   802 | Sewer    | Reached XP level 6. HP: 20/32 MP: 3/7
   804 | Sewer    | Reached skill level 6 in Axes
   841 | D:4      | Identified the +6 flail of Famine {heavy, rElec Dex+2}
   934 | D:4      | Found a staircase to the Ecumenical Temple.
   945 | Temple   | Entered the Ecumenical Temple
   956 | Temple   | Became a worshipper of Warmaster Okawaru
  1010 | D:5      | Entered Level 5 of the Dungeon
  1022 | D:5      | Reached XP level 7. HP: 35/35 MP: 8/8
  1158 | D:5      | Reached skill level 7 in Axes
  1158 | D:5      | Reached skill level 1 in Throwing
  1241 | D:5      | Found a sand-covered staircase.
  1255 | Ossuary  | Entered an ossuary
  1356 | Ossuary  | Reached * piety under Okawaru
  1689 | D:6      | Reached skill level 1 in Invocations
  1689 | D:6      | Gained mutation: You have razor-sharp teeth. [Vine Stalker
                  | growth]
  1689 | D:6      | Reached XP level 8. HP: 34/39 MP: 9/9
  1708 | D:6      | Reached skill level 8 in Axes
  1754 | D:6      | Reached ** piety under Okawaru
  1783 | D:6      | Reached skill level 9 in Axes
  1834 | D:6      | Noticed a troll
  1863 | D:7      | Reached XP level 9. HP: 35/43 MP: 11/13
  2068 | D:8      | Found a radiant altar of Vehumet.
  2192 | D:7      | Reached *** piety under Okawaru
  2193 | D:7      | Reached skill level 10 in Axes
  2219 | D:6      | Reached skill level 5 in Invocations
  2314 | D:6      | Killed a troll
  2429 | D:8      | Found a broken altar of Ashenzari.
  2473 | D:9      | Noticed a gargoyle
  2482 | D:8      | HP: 1/43 [gargoyle/stone arrow (10)]
  2483 | D:8      | Killed a gargoyle
  2484 | D:8      | Reached skill level 11 in Axes
  2484 | D:8      | Reached XP level 10. HP: 2/47 MP: 2/15
  2557 | D:8      | Found a staircase to the Lair.
  2576 | D:8      | Found a shadowy altar of Dithmenos.
  2595 | D:8      | Found Hcuaxum's Humungous Hoard.
  2618 | D:8      | Bought 2 potions of haste for 200 gold pieces
  2660 | D:9      | Reached **** piety under Okawaru
  2670 | D:9      | Found a basalt altar of Yredelemnul.
  2724 | D:9      | Reached skill level 12 in Axes
  2749 | D:9      | Found Nor Sali's Jewellery Shoppe.
  2816 | D:9      | Found Mucoih's Antique Armour Shoppe.
  3046 | D:10     | Entered Level 10 of the Dungeon
  3177 | D:11     | Noticed a cyclops
  3184 | D:11     | Killed a cyclops
  3191 | D:10     | Noticed Harold
  3210 | D:10     | Killed Harold
  3211 | D:10     | Reached skill level 5 in Fighting
  3220 | D:10     | Reached ***** piety under Okawaru
  3221 | D:10     | Reached XP level 11. HP: 41/56 MP: 9/16
  3221 | D:10     | Found an opulent altar of Gozag.
  3244 | D:10     | Noticed a two-headed ogre
  3272 | D:10     | Killed a two-headed ogre
  3273 | D:10     | Reached skill level 13 in Axes
  3796 | D:11     | Reached skill level 1 in Evocations
  4132 | D:13     | Noticed a two-headed ogre
  4144 | D:13     | Killed a two-headed ogre
  4144 | D:13     | Received a gift from Okawaru
  4188 | D:12     | Identified the +7 spear of the Witching Shrike {flame,
                  | Contam rN+ Str+2 Stlth+}
  4196 | D:12     | Noticed a deep elf pyromancer
  4207 | D:12     | Killed a deep elf pyromancer
  4249 | D:12     | Noticed a boulder beetle
  4278 | D:12     | Killed a boulder beetle
  4328 | D:12     | Found a staircase to the Orcish Mines.
  4384 | D:12     | Noticed a cyclops
  4403 | D:12     | Killed a cyclops
  4409 | D:12     | Reached skill level 14 in Axes
  4414 | D:12     | Noticed a manticore
  4430 | D:12     | Killed a manticore
  4449 | D:13     | Identified the +5 scale mail "Kaysiumu" {rElec Int+3 Dex+3}
  4503 | D:13     | Noticed a boulder beetle
  4529 | D:13     | Killed a boulder beetle
  4529 | D:13     | Received a gift from Okawaru
  4542 | D:13     | Noticed a manticore
  4556 | D:13     | Killed a manticore
  4557 | D:13     | Reached skill level 1 in Dodging
  4557 | D:13     | Reached XP level 12. HP: 30/61 MP: 17/19
  4568 | D:15     | Entered Level 15 of the Dungeon
  4568 | D:15     | Noticed an eight-headed hydra
  4576 | D:14     | Killed an eight-headed hydra
  4671 | D:14     | Noticed a centaur warrior
  4683 | D:14     | Killed a centaur warrior
  4708 | D:14     | Noticed a boulder beetle
  4725 | D:14     | Killed a boulder beetle
  4725 | D:14     | Received a gift from Okawaru
  4744 | D:14     | Identified the +0 spear of Solemn Blind Justice {spect,
                  | *Slow Str+3 Int+2}
  4763 | D:14     | Noticed a centaur warrior
  4771 | D:14     | Killed a centaur warrior
  4785 | D:14     | Found Denki's Book Shoppe.
  4907 | D:14     | Found Acvunoing's Book Boutique.
  5098 | D:13     | Noticed a two-headed ogre
  5108 | D:13     | Killed a two-headed ogre
  5354 | D:9      | Bought a glowing cloak for 262 gold pieces
  5489 | Lair:1   | Entered Level 1 of the Lair of Beasts
  5556 | Lair:1   | Received a gift from Okawaru
  5586 | Lair:1   | Reached skill level 10 in Invocations
  5685 | Lair:2   | Reached skill level 5 in Armour
  5718 | Lair:2   | Reached ****** piety under Okawaru
  5719 | Lair:2   | Acquired a +2 executioner's axe of holy wrath
  5719 | Lair:2   | Received a gift from Okawaru
  5721 | Lair:2   | Acquired the +7 chain mail "Ahevaer" {Will+}
  5721 | Lair:2   | Received a gift from Okawaru
  5772 | Lair:3   | Noticed Fannar
  5794 | Lair:3   | Killed Fannar
  5794 | Lair:3   | Received a gift from Okawaru
  5795 | Lair:3   | Reached XP level 13. HP: 61/65 MP: 17/21
  5822 | Lair:2   | Noticed Pi314's ghost (journeyman DrSh)
  5832 | Lair:2   | Found a transporter.
  5833 | Lair:2   | Found a bloodstained altar of Trog.
  5930 | Lair:2   | Reached skill level 5 in Dodging
  5977 | Lair:2   | Found a staircase to the Shoals.
  6213 | Lair:5   | Entered Level 5 of the Lair of Beasts
  6244 | Lair:4   | Reached skill level 5 in Throwing
  6246 | Lair:4   | Noticed Rupert
  6285 | Lair:4   | Killed Rupert
  6508 | Lair:5   | Received a gift from Okawaru
  6810 | Lair:5   | Received a gift from Okawaru
  7176 | Lair:5   | Reached skill level 15 in Axes
  7218 | Lair:5   | Reached XP level 14. HP: 72/72 MP: 22/22
  7395 | Lair:4   | Found a viscous altar of Jiyva.
  7395 | Lair:4   | Found a staircase to the Slime Pits.
  7499 | Lair:3   | Found a snail-covered altar of Cheibriados.
  7576 | Lair:3   | Noticed Sonja
  7581 | Lair:3   | Killed Sonja
  7663 | Lair:3   | Received a gift from Okawaru
  7954 | Lair:3   | Found a staircase to the Snake Pit.
  8216 | Orc:1    | Entered Level 1 of the Orcish Mines
  8278 | Orc:2    | Entered Level 2 of the Orcish Mines
  8304 | Orc:2    | Found a gate leading to a gauntlet.
  8309 | Orc:2    | Found a staircase to the Elven Halls.
  8318 | Gauntlet | Entered a Gauntlet
  8318 | Gauntlet | Found a transporter.
  8318 | Gauntlet | Found a transporter.
  8320 | Gauntlet | Found a transporter.
  8334 | Gauntlet | Found a transporter.
  8351 | Gauntlet | Found a transporter.
  8353 | Gauntlet | Found a transporter.
  8354 | Gauntlet | Found a transporter.
  8354 | Gauntlet | Found a transporter.
  8366 | Gauntlet | Found a transporter.
  8380 | Gauntlet | Found a transporter.
  8384 | Gauntlet | Found a runed translucent door.
  8391 | Gauntlet | Found a transporter.
  8400 | Gauntlet | Found a transporter.
  8440 | Gauntlet | Found a transporter.
  8454 | Gauntlet | Found a transporter.
  8488 | Gauntlet | Paralysed by a hornet for 1 turns
  8536 | Gauntlet | Identified the +0 pair of boots of Grottiness {rElec rCorr
                  | Str-5}
  8597 | Gauntlet | Identified the +2 chain mail of Cocytus {+Inv Str+3}
  8597 | Gauntlet | Identified the +6 short sword "Toaceosyk" {flame, rPois rF-
                  | rC+ Str+6}
  8690 | Orc:1    | Reached skill level 16 in Axes
  8737 | Orc:1    | Noticed Erica
  8748 | Orc:1    | Killed Erica
  8748 | Orc:1    | Received a gift from Okawaru
  8858 | Orc:2    | Noticed Blork the orc
  8878 | Orc:2    | Killed Blork the orc
  8952 | Orc:2    | Noticed Saint Roka
  8992 | Orc:2    | Killed Saint Roka
  8995 | Orc:2    | Received a gift from Okawaru
  9118 | Orc:2    | Found Exkeblox's General Store.
  9138 | Orc:2    | Found Astri's Antique Weapon Shoppe.
  9167 | Orc:2    | Found Fabeprug's Antique Armour Shoppe.
  9182 | Orc:2    | Found Ninweef's Book Shoppe.
  9196 | Orc:2    | Noticed Snorg
  9206 | Orc:2    | Killed Snorg
  9221 | Orc:2    | Bought a scroll of vulnerability for 52 gold pieces
  9221 | Orc:2    | Bought a scroll of enchant armour for 97 gold pieces
  9239 | Orc:2    | Found Ciucw's Distillery.
  9262 | Orc:2    | Bought a potion of enlightenment for 60 gold pieces
  9262 | Orc:2    | Bought a potion of mutation for 96 gold pieces
  9262 | Orc:2    | Bought a potion of lignification for 36 gold pieces
  9262 | Orc:2    | Bought 2 potions of mutation for 192 gold pieces
  9262 | Orc:2    | Bought a potion of lignification for 36 gold pieces
  9262 | Orc:2    | Bought a potion of enlightenment for 60 gold pieces
  9262 | Orc:2    | Bought a potion of curing for 36 gold pieces
  9272 | Orc:2    | Bought a potion of curing for 36 gold pieces
  9332 | Orc:2    | Noticed Maurice
  9344 | Orc:2    | Maurice stole a phial of floods (inert)
  9360 | Orc:2    | Killed Maurice
  9703 | Shoals:1 | Entered Level 1 of the Shoals
  9724 | Shoals:1 | Reached skill level 17 in Axes
  9727 | Shoals:1 | Reached XP level 15. HP: 36/75 MP: 3/23
  9729 | Shoals:1 | Received a gift from Okawaru
  9808 | Shoals:3 | Reached skill level 5 in Evocations
  9841 | Shoals:4 | Entered Level 4 of the Shoals
  9943 | Shoals:4 | Identified the +1 robe of a Million Ultimatums {SInv}
  9973 | Shoals:3 | Found Pibosk's Assorted Antiques.
 10015 | Shoals:3 | Bought a brightly glowing broad axe for 261 gold pieces
 10015 | Shoals:3 | Identified the +11 broad axe "Epnuk" {flame, rPois rCorr
                  | Int+3} (You bought it in a shop on level 3 of the Shoals)
 10018 | Shoals:3 | Bought a scroll of enchant armour for 217 gold pieces
 10138 | Shoals:4 | Received a gift from Okawaru
 10161 | Shoals:4 | Noticed a frost giant
 10176 | Shoals:4 | Killed a frost giant
 10200 | Shoals:4 | Reached skill level 18 in Axes
 10230 | Shoals:4 | Got a barnacled rune of Zot
 10372 | Shoals:2 | HP: 1/75 [drowned by a drowned soul[a merfolk avatar] (9)]
 10373 | Shoals:2 | Received a gift from Okawaru
 10382 | Shoals:2 | HP: 1/75 [merfolk/+2 trident of protection (11)]
 10385 | Shoals:2 | Slain by a merfolk siren

Illustrated notes

Levels and vault maps discovered:
D:1:      lightli_arrival_statue_moat, layout_basic
D:2:      layout_loops_ring, chequers_ecumenical_altar_grove,
          hangedman_decor_clover_reticule
D:3:      layout_loops_ring, marbit_many_paths, makhleb_altar_promises_db
D:4:      layout_cave_pools, minmay_temple_entry_purple_smoke,
          gup_sewer_entry_bowl
D:5:      layout_basic, nicolae_qazlal_general_emergency,
          gup_ossuary_entry_pyramid
D:6:      cheibrodos_fzero, layout_loops_ring, mainiacjoe_overflow_paths
D:7:      layout_basic, grunt_decor_junction, grunt_ministairs_7
D:8:      layout_rooms, mainiacjoe_overflow_small_starburst,
          lemuel_coloured_pillars_altar, lemuel_crystal_altar,
          david_lair_generic, nicolae_alphabet_shops
D:9:      layout_basic, kennysheep_mini_moat, serial_shops, shop,
          nicolae_shop_behind_doors, shop_statue, shop,
          nicolae_inconvenience_store
D:10:     layout_loops_corners, mainiacjoe_overflow_tiny_flanked, minmay_holes,
          david_greed, uniq_harold
D:11:     layout_basic
D:12:     layout_loops_corners, erik_orc_4, minmay_starry_boxes
D:13:     layout_basic, portal_ice_cave_entry_imps, uniq_josephine, uniq_azrael,
          uniq_urug
D:14:     layout_loops_ring, hellmonk_vaults_attempted_burglary,
          chequers_serial_rivers_large_b, serial_shops,
          nicolae_shop_rolling_square, nicolae_diamond_shop, shop,
          corner_web_ring
D:15:     hangedman_depths_entry_try_elsewhere_first, layout_basic,
          minmay_misc_feat_rows, minivault_16
Temple:   nicolae_temple_ecumenical_triangle
Lair:1:   layout_long_grid, grunt_megastairs_2
Lair:2:   layout_regular_city, minmay_shoals_entry_centaurs,
          gammafunk_ghost_wrathful_warriors, serial_bayou_pond_d,
          serial_bayou_lake_a
Lair:3:   layout_cellular_growth, alex1729_snake_entry_snake,
          kennysheep_snail_temple, uniq_fannar, uniq_sonja, uniq_nergalle
Lair:4:   layout_misc_corridors, slime_entry_1, serial_bayou_crossing,
          uniq_rupert
Lair:5:   minmay_lair_end_enchanted_forest, layout_long_grid, serial_rivers,
          chequers_serial_rivers_small_a, chequers_serial_rivers_large_a,
          chequers_serial_rivers_micro_e, chequers_serial_rivers_small_3,
          chequers_serial_rivers_room_b, chequers_serial_rivers_small_b,
          infiniplex_staircase_pool
Shoals:1: layout_shoals, nicolae_shop_self_help
Shoals:2: layout_shoals, nicolae_shoals_isolated_beach
Shoals:3: layout_shoals, serial_shops, nicolae_shop_stone
Shoals:4: shoals_end_grunt_ice, layout_shoals, hangedman_shoal_volcano
Orc:1:    layout_diamond_mine, uniq_erica
Orc:2:    grunt_orc_cross, layout_diamond_mine, serial_shops,
          nicolae_shop_waterfront, gauntlet_entry_generic,
          nicolae_orc_crystal_geode, uniq_snorg, uniq_maurice

Skill      XL: |  1  2  3  4  5  6  7  8  9 10 11 12 13 14 15 |
---------------+----------------------------------------------+-----
Axes           | 2 3 4 5 6 7 9 11 12 14 15 17 18 | 18.0
Throwing       | 2 4 5 8 |  8.1
Invocations    | 1 4 6 8 10 | 10.0
Fighting       | 5 6 7 |  7.0
Evocations     | 3 4 7 |  7.0
Dodging        | 1 4 5 |  5.7
Armour         | 5 6 |  6.4
Shields        | |  2.6

Action                     |  1- 3 |  4- 6 |  7- 9 | 10-12 | 13-15 || total
---------------------------+-------+-------+-------+-------+-------++-------
  Melee: War axe           |    90 |   130 |   312 |   237 |       ||   769
         Bite              |    21 |    34 |   105 |   241 |   387 ||   788
         Dagger            |       |       |       |    23 |       ||    23
         Hand axe          |       |       |       |   296 |   216 ||   512
         Morningstar       |       |       |       |     5 |     6 ||    11
         Broad axe         |       |       |       |       |   841 ||   841
  Throw: Boomerang         |       |       |     6 |    36 |   152 ||   194
         Dart              |       |       |     4 |    32 |    23 ||    59
         Throwing net      |       |       |       |     1 |       ||     1
 Invoke: Heroism           |       |       |     4 |     4 |     5 ||    13
         Receive Weapon    |       |       |       |     1 |       ||     1
         Receive Armour    |       |       |       |     1 |       ||     1
  Evoke: Wand              |       |       |       |       |    13 ||    13
         Lightning rod     |       |       |       |       |    14 ||    14
         Tin of tremorston |       |       |       |       |     3 ||     3
         Phial of floods   |       |       |       |       |     2 ||     2
    Use: Potion            |       |     1 |     1 |       |     6 ||     8
         Scroll            |       |       |     6 |     4 |    23 ||    33
   Stab: Held in net/web   |       |       |       |     1 |       ||     1
 Armour: Scale mail        |    63 |    51 |     2 |    79 |       ||   195
         Chain mail        |       |       |   122 |   145 |   506 ||   773
         Plate armour      |       |       |       |    20 |       ||    20
  Dodge: Dodged            |    70 |    86 |   150 |   205 |   472 ||   983
  Block: Buckler           |    22 |    68 |   119 |   185 |   533 ||   927
         Reflection        |       |       |     6 |     6 |    13 ||    25

Table legend: (Time is in decaauts)
 A = Elapsed time spent in this place.
 B = Non-inter-level travel time spent in this place.
 C = Inter-level travel time spent in this place.
 D = Time resting spent in this place.
 E = Time spent auto-exploring this place.
 F = Levels seen in this place.
 G = Mean time per level.
                   A        B        C        D        E       F      G
               +--------+--------+--------+--------+--------+-----+--------+
         Total |  10217 |   9398 |    819 |     60 |      0 |  30 |  340.6 |
       Dungeon |   5209 |   4595 |    614 |     15 |      0 |  15 |  347.3 |
        Temple |     22 |      2 |     20 |      0 |      0 |   1 |   22.0 |
          Lair |   2606 |   2498 |    108 |      0 |      0 |   5 |  521.2 |
        Shoals |    650 |    647 |      3 |      3 |      0 |   4 |  162.5 |
  Orcish Mines |    851 |    778 |     73 |      0 |      0 |   2 |  425.5 |
         Sewer |    312 |    312 |      0 |      0 |      0 |   1 |  312.0 |
       Ossuary |    285 |    285 |      0 |     42 |      0 |   1 |  285.0 |
      Gauntlet |    280 |    280 |      0 |      0 |      0 |   1 |  280.0 |
               +--------+--------+--------+--------+--------+-----+--------+

Top non-repeatable levels by time:
  Lair:5: 813 daAuts
    D:10: 674 daAuts
     D:9: 651 daAuts
  Lair:3: 636 daAuts
   Orc:2: 607 daAuts
    D:12: 477 daAuts
    D:11: 460 daAuts
  Lair:2: 441 daAuts
  Lair:4: 383 daAuts
     D:7: 378 daAuts
    D:14: 364 daAuts
     D:6: 348 daAuts
     D:8: 345 daAuts
  Lair:1: 331 daAuts
Shoals:4: 321 daAuts
